 Dungeon Crawl Stone Soup version 0.31.0-32-g396128a36d (webtiles) character file.

Game seed: 3125283918760919821

63 monsoonserge the Ruffian (level 4, 0/34 HPs)
             Began as a Gnoll Shapeshifter on Mar 8, 2024.
             Slain by an orc
             ... wielding a +0 flail
              (5 damage)
             ... on level 3 of the Dungeon.
             The game lasted 00:03:04 (1671 turns).

monsoonserge the Ruffian (Gnoll Shapeshifter)       Turns: 1671, Time: 00:03:04

Health: 0/34       AC:  3    Str: 15    XL:     4   Next: 9%
Magic:  5/5        EV: 12    Int: 10    God:
Gold:   115        SH:  0    Dex: 11    Spells: 5/5 levels left

rFire   + +          .
                       - Unarmed
rCold   . . .        (no shield)
rNeg    . . .        k - +0 leather armour
rPois   .            (helmet currently unavailable)
rElec   .            (cloak currently unavailable)
rCorr   .            (gloves currently unavailable)
SInv    .            (boots currently unavailable)
Will    .....        (no amulet)
Stlth   +            e - ring of protection from fire
HPRegen 0.25/turn    f - ring of protection from fire
MPRegen 0.09/turn

%: no passive effects
@: beast-form
A: beast (slay +3), fangs 1, strong nose, distributed training
a: Begin Untransformation


You were on level 3 of the Dungeon.
You were a hulking beast.
You visited 1 branch of the dungeon, and saw 3 of its levels.

You collected 115 gold pieces.

Inventory:

Missiles
 g - 3 curare-tipped darts (quivered)
Armour
 k - a +0 leather armour (worn)
Jewellery
 e - a ring of protection from fire (left hand)
 f - a ring of protection from fire (right hand)
 j - a +6 ring of intelligence
Talismans
 c - a beast talisman
 d - a flux talisman
Wands
 m - a wand of charming (3)
Scrolls
 h - 2 scrolls of identify {unknown}
 l - a scroll of summoning {unknown}
 o - 3 scrolls of acquirement {unknown}
Potions
 a - a potion of resistance {unknown}
 b - 2 potions of lignification
 i - a potion of haste {unknown}
 n - a potion of attraction {unknown}


   Skills:
 + Level 2.7 Fighting
 + Level 1.1 Short Blades
 + Level 1.1 Long Blades
 + Level 1.1 Axes
 + Level 1.1 Maces & Flails
 + Level 1.1 Polearms
 + Level 1.1 Staves
 + Level 1.1 Ranged Weapons
 + Level 1.1 Throwing
 + Level 1.1 Armour
 + Level 4.6 Dodging
 + Level 1.1 Stealth
 + Level 1.1 Shields
 + Level 6.6 Unarmed Combat
 + Level 1.1 Spellcasting
 + Level 0.8 Conjurations
 + Level 0.8 Hexes
 + Level 0.8 Summonings
 + Level 0.8 Necromancy
 + Level 0.8 Translocations
 + Level 0.8 Fire Magic
 + Level 0.8 Ice Magic
 + Level 0.8 Air Magic
 + Level 0.8 Earth Magic
 + Level 0.8 Alchemy
 + Level 1.2 Invocations
 + Level 1.1 Evocations
 + Level 6.5 Shapeshifting


You had 5 spell levels left.
You didn't know any spells.
Your spell library was empty.

Dungeon Overview and Level Annotations

Branches:
Dungeon (3/15)

Altars:


Innate Abilities, Weirdness & Mutations

You are a hulking beast.
Your limbs bulge with bestial killing power. (Slay +3)
You have very sharp teeth.
Your uncanny sense of smell can sniff out nearby items.
Your experience applies equally to all skills.


Message History

The orc shouts!
You punch the rat!
You kill the rat!
You see here a rat corpse.
Found a robe.
An orc comes into view. It is wielding a +0 mace.
The orc hits you but does no damage.
You barely miss the orc. The orc closely misses you.
You hit the orc. You punch the orc.
The orc is severely wounded.
You hit the orc but do no damage. Your bite misses the orc.
The orc is heavily wounded.
The orc priest invokes the aid of Beogh against you.
Beogh smites you! The orc completely misses you.
The orc hits you with a +0 whip.
You hit the orc but do no damage.
The orc is heavily wounded.
The orc hits you with a +0 club. The orc hits you with a +0 whip.
You hit the orc but do no damage.
The orc is heavily wounded.
The orc hits you but does no damage. The orc barely misses you.
You hit the orc.
You kill the orc!
You hit the orc.
The orc is severely wounded.
The orc hits you with a +0 whip.
You barely miss the orc. Your bite misses the orc.
The orc is severely wounded.
You punch the orc!
You kill the orc!
You closely miss the orc. You punch the orc.
The orc is lightly wounded.
The orc hits you with a +0 flail!
* * * LOW HITPOINT WARNING * * *
You closely miss the orc.
The orc is lightly wounded.
You barely miss the orc.
The orc is lightly wounded.
The orc closely misses you. The orc hits you with a +0 flail.
You die...

#........##.###.
#..#............
#........##.###.
#....#....#.#
###.........#
#.##†#..$####
.#[#.#..#.......
.......oo.####.#
...#...h#.# .. .
######o# .


.oo .## .# .# .# You could see 2 orcs.

Vanquished Creatures
  A dart slug (D:2)
  2 ribbon worms (D:2)
  2 orcs (D:3)
  5 endoplasms
  5 giant cockroaches
  6 goblins
  4 hobgoblins
  2 jackals (D:1)
  3 kobolds
  2 quokkas
  6 ball pythons
  3 bats (D:1)
  3 frilled lizards
  5 rats
49 creatures vanquished.

Notes
Turn   | Place    | Note
-------+----------+-------------------------------------------
     0 | D:1      | monsoonserge the Gnoll Shapeshifter began the quest for the
                  | Orb.
     0 | D:1      | Reached XP level 1. HP: 17/17 MP: 1/1
    82 | D:1      | Reached XP level 2. HP: 20/23 MP: 2/2
   347 | D:1      | Reached XP level 3. HP: 27/28 MP: 3/3
   972 | D:2      | Reached skill level 1 in Invocations
  1098 | D:2      | Reached skill level 1 in Short Blades
  1098 | D:2      | Reached skill level 1 in Long Blades
  1098 | D:2      | Reached skill level 1 in Axes
  1098 | D:2      | Reached skill level 1 in Maces & Flails
  1098 | D:2      | Reached skill level 1 in Polearms
  1098 | D:2      | Reached skill level 1 in Staves
  1098 | D:2      | Reached skill level 1 in Ranged Weapons
  1098 | D:2      | Reached skill level 1 in Throwing
  1098 | D:2      | Reached skill level 1 in Armour
  1098 | D:2      | Reached skill level 1 in Stealth
  1098 | D:2      | Reached skill level 1 in Shields
  1098 | D:2      | Reached skill level 1 in Spellcasting
  1098 | D:2      | Reached skill level 1 in Evocations
  1372 | D:2      | Reached XP level 4. HP: 34/34 MP: 5/5
  1671 | D:3      | Slain by an orc

Illustrated notes

Levels and vault maps discovered:
D:1:      elethiomel_arrival_shortcut, layout_basic
D:2:      layout_basic
D:3:      layout_basic, nicolae_dithmenos_through_a_glass_darkly,
          lemuel_round_altar, uniq_natasha

Skill      XL: |  1  2  3 |
---------------+----------+-----
Invocations    | 1 |  1.2
Short Blades   | 1 |  1.1
Long Blades    | 1 |  1.1
Axes           | 1 |  1.1
Maces & Flails | 1 |  1.1
Polearms       | 1 |  1.1
Staves         | 1 |  1.1
Ranged Weapons | 1 |  1.1
Throwing       | 1 |  1.1
Armour         | 1 |  1.1
Stealth        | 1 |  1.1
Shields        | 1 |  1.1
Spellcasting   | 1 |  1.1
Evocations     | 1 |  1.1
Fighting       | |  2.7
Dodging        | |  4.6
Unarmed Combat | |  6.6
Conjurations   | |  0.8
Hexes          | |  0.8
Summonings     | |  0.8
Necromancy     | |  0.8
Translocations | |  0.8
Fire Magic     | |  0.8
Ice Magic      | |  0.8
Air Magic      | |  0.8
Earth Magic    | |  0.8
Alchemy        | |  0.8
Shapeshifting  | |  6.5

Action                     |  1- 3 |  4- 6 || total
---------------------------+-------+-------++-------
  Melee: Unarmed           |    78 |    13 ||    91
         Bite              |     4 |       ||     4
         Punch             |     1 |     2 ||     3
   Stab: Sleeping          |     5 |       ||     5
 Armour: Animal skin       |    17 |       ||    17
         Leather armour    |    13 |     9 ||    22
  Dodge: Dodged            |    43 |     4 ||    47
